AoeStats
← SKYEEERINO?!?

Golden Pit

509220154Analyzed
1v1 RM · 7d ago on Sep 25, 2026· 46m 10s· 2 players
Game mode
Random Map
Map size
Tiny (2 player)
Population
200
Speed
Normal
Resources
Standard
Victory
Conquest
Starting age
Dark Age
Ending age
Imperial Age
RankedLock teamsTeams togetherTeam positionsShared explorationLock speedFull tech treeHidden civsTurbo modeCheats
Victory
Defeat
🇦🇷 Magyars · Argentina
977
+15
🇷🇺 Goths · Russia
956
-15
SKYEEERINO?!?
12:03 Feudal Age
12:41 Town Watch
12:55 Double-Bit Axe
14:39 Wheelbarrow
17:20 Horse Collar
20:43 Castle Age
19:01 Stone Mining
19:41 Gold Mining
21:34 Squires
21:28 Loom
21:07 Pikeman
22:12 Squires
23:48 Forging
25:12 Scale Mail Armor
31:41 Iron Casting
32:08 Bow Saw
32:42 Chain Mail Armor
32:53 Heavy Plow
33:23 Padded Archer Armor
35:44 Hand Cart
45:53 Imperial Age
44:26 Stone Shaft Mining
44:46 Anarchy
45:13 Fletching
ChoRi-Wolo.gg
3:56 Loom
10:45 Feudal Age
17:03 Castle Age
17:51 Double-Bit Axe
19:39 Horse Collar
22:38 Wheelbarrow
24:17 Bow Saw
33:42 Scale Barding Armor
42:52 Imperial Age
40:46 Fletching
44:31 Chemistry
43:47 Town Watch
45:26 Chain Barding Armor
45:03 Bodkin Arrow
Connection lost

Rejoining the realm…

Still unreachable

The connection could not be restored.

Session expired

The server has moved on; the page needs a fresh start.